 Dungeon Sprint DCSS version 0.27.1-33-g824d729ab1 (webtiles) character file.

Game seed: 1237311268379085999

8276 Adenis the Ninja (level 11, -7/62 HPs)
             Began as a Vampire Brigand on Dec 6, 2021.
             Was a High Priest of Trog.
             Splashed by a jelly's acid (9 damage)
             ... in the Dungeon (Sprint I: "Red Sonja").
             The game lasted 00:05:12 (1181 turns).

Adenis the Ninja (Vampire Brigand)                  Turns: 1181, Time: 00:05:12

Health: -7/62      AC: -18   Str:  6    XL:     11   Next: 7%
Magic:  7/7        EV: 26    Int: 11    God:    Trog [*****.]
Gold:   852        SH:  3    Dex: 16    Spells: 10/10 levels left

rFire    . . .     SeeInvis +   p - +4 dagger (flame)
rCold    . . .     Faith    .   n - +0 buckler
rNeg     . . .     Spirit   .   b - +0 robe
rPois    .         Reflect  .   (no helmet)
rElec    .         Harm     .   c - +0 cloak
rCorr    .         Rampage  .   (no gloves)
Will     +....     Rnd*Rage +   (no boots) Stlth +++++.....NoTele +
                                j - amulet of the acrobat
HPRegen  0.40/turn              (no ring)
MPRegen  0.10/turn              (no ring)

@: corroded, unable to read, on berserk cooldown, acrobatic, healing quickly,
slowed, very slow
A: alive, fangs 3, see invisible, vampiric 2, berserk 3, clumsy 1, deformed
body, deterioration 2, dopey 2, frail 3, low mp 3, screaming 2, weak 2,
evolution 1, no potion heal 2, subdued magic 3, inability to read while
threatened
a: Exsanguinate, Renounce Religion, Berserk, Trog's Hand, Brothers in Arms


You were in the Dungeon.
You worshipped Trog.
Trog was extremely pleased with you.
You visited 1 branch You collected 1076 gold pieces.
You spent 224 gold pieces at shops.

Inventory:

Hand Weapons
 a - a +2 dagger
 p - a +4 dagger of flaming (weapon)
Missiles
 d - 8 poisoned darts (quivered)
 e - 5 curare-tipped darts
Armour
 b - a +0 robe (worn)
 c - a +0 cloak (worn)
 n - a +0 buckler (worn)
Jewellery
 j - an amulet of the acrobat (around neck)
Scrolls
 k - 3 scrolls of blinking
 l - 2 scrolls of enchant weapon {unknown}
 m - a scroll of magic mapping {unknown}
 o - a scroll of summoning {unknown}
Potions
 f - 2 potions of curing
 g - a potion of heal wounds
 h - a potion of haste
 i - 2 potions of magic


   Skills:
 + Level 9.2 Fighting
 + Level 14.6 Short Blades
 + Level 5.5 Throwing
 + Level 2.2 Dodging
 O Level 27 Stealth


You had 10 spell levels left.
You didn't know any spells.
Your spell library was empty.

Dungeon Overview and Level Annotations

Branches:
Dungeon (1/1)

Altars:
Cheibriados
Dithmenos
Elyvilon
Fedhas
Gozag
Hepliaklqana
Kikubaaqudgha
Makhleb
Nemelex Xobeh
Okawaru
Qazlal
Ru
Sif Muna
Trog
Uskayaw
Vehumet
Wu Jian
Xom
Yredelemnul
Zin
The Shining One
Jiyva
Lugonu

Shops:
D ***!=([


Innate Abilities, Weirdness & Mutations

Your natural rate of healing is accelerated.
You have razor-sharp teeth.
You have supernaturally acute eyesight. (SInv)
You are afflicted with vampirism and can become a bat while bloodless.
You have an uncontrollable temper.
You are clumsy. (Dex -2)
Armour fits poorly on your strangely shaped body.
Your body often deteriorates upon taking damage.
You are very dopey. (Int -4)
You are extremely frail. (-30% HP)
Your magical capacity is extremely low. (-30% MP)
You frequently scream uncontrollably at your foes.
You are very weak. (Str -4)
You evolve.
Potions cannot restore your health.
Your spells are much easier to cast, but much less powerful.
You sometimes lose the ability to read scrolls when taking damage.


Message History

You hit the jelly. You burn the jelly.
You kill the jelly!
Trog accepts your kill.
There is an open door here.
You feel a strong urge to attack something.
You feel your anger nearly subside.
You are no longer berserk.
You are exhausted.
You feel yourself slow down.
There is an open door here.
You barely miss the jelly. The jelly barely misses you.
You hit the jelly but do no damage.
Your hands burn!
You feel threatened and lose the ability to read scrolls!
The jelly misses you.
You hit the jelly but do no damage. The acid corrodes you!
Your hands burn!
The jelly barely misses you.
You hit the jelly but do no damage.
Your hands burn!
* * * LOW HITPOINT WARNING * * *
The jelly hits you.
* * * LOW HITPOINT WARNING * * *
The acid corrodes you!
You are splashed with acid!
* * * LOW HITPOINT WARNING * * *
You hit the jelly but do no damage.
Your hands burn!
* * * LOW HITPOINT WARNING * * *
The jelly completely misses you.
Unknown command.
You cannot read scrolls in your current state!
The jelly misses you.
There is an open door here.
You cannot read scrolls in your current state!
The jelly closely misses you.
There is an open door here.
The jelly misses you.
Things that are here:
a +0 shortbow; 17 arrows; a centaur skeleton You enter the shallow water.
Moving in this stuff is going to be slow.
The jelly hits you.
* * * LOW HITPOINT WARNING * * *
The acid corrodes you!
You are splashed with acid!
You die...

########################
.#.)').#.)'..#__#..'..)#
.'..#..'..#..'..'..#...#
.#####'#####'#__####)..+
.####..#...#.####..#####
.#__####..##)#§§§§J#§.#
.#_____##'#_.'≈§§§§§J§#
⌠#_.∩...'..._#§§@J§#§.#
##_..__##_.#'##'#####§###
#_____###'#)#.(..###J§.#
##########.####'###)###.#
^.......'...'.....'.∩##.#
#''''####.).###########§#
......####.### #J#
.......#.#'#.# +§#
.#.....#.....#+++######§#


You could see 2 jellies.

Vanquished Creatures
  2 centaur warriors (D)
  Sonja (D)
  A deep troll (D)
  8 shining eyes (D)
  An oklob plant (D)
  2 kobold demonologists (D)
  A hornet (D)
  A slime creature (D)
  Sigmund (D)
  2 redbacks (D)
  A yak (D)
  6 floating eyes (D)
  An ogre (D)
  6 jellies (D)
  Ijyb (D)
  A ballistomycete spore (D)
36 creatures vanquished.

Vanquished Creatures (others)
  A ballistomycete spore (D)
1 creature vanquished.

Grand Total: 37 creatures vanquished

Notes
Turn   | Place    | Note
-------+----------+-------------------------------------------
     0 | D        | Adenis the Vampire Brigand began the quest for the Orb.
     0 | D        | Reached XP level 1. HP: 16/16 MP: 1/1
     2 | D        | Noticed Ijyb
     6 | D        | Killed Ijyb
     7 | D        | Reached skill level 9 in Stealth
     7 | D        | Reached XP level 2. HP: 22/22 MP: 2/2
     8 | D        | Noticed an ogre
    18 | D        | Killed an ogre
    19 | D        | Reached skill level 12 in Stealth
    19 | D        | Gained mutation: You are afflicted with vampirism and can
                  | become a bat while bloodless. [Vampire growth]
    19 | D        | Reached XP level 3. HP: 7/28 MP: 3/3
    19 | D        | Reached XP level 4. HP: 8/34 MP: 4/4
   228 | D        | Noticed Sigmund
   231 | D        | Killed Sigmund
   232 | D        | Reached skill level 16 in Stealth
   232 | D        | Reached XP level 5. HP: 42/42 MP: 5/5
   232 | D        | Reached XP level 6. HP: 48/48 MP: 6/6
   245 | D        | Found an ornate altar of the Wu Jian Council.
   245 | D        | Found a shimmering blue altar of Sif Muna.
   247 | D        | Found a radiant altar of Vehumet.
   267 | D        | Found Etijadgh's Distillery.
   267 | D        | Found an ancient bone altar of Kikubaaqudgha.
   267 | D        | Found a hazy altar of Hepliaklqana.
   267 | D        | Found a stormy altar of Qazlal.
   267 | D        | Found a hide-covered altar of Uskayaw.
   267 | D        | Found a blossoming altar of Fedhas.
   267 | D        | Found a bloodstained altar of Trog.
   267 | D        | Found an iron altar of Okawaru.
   267 | D        | Found a basalt altar of Yredelemnul.
   267 | D        | Found a snail-covered altar of Cheibriados.
   267 | D        | Found a sacrificial altar of Ru.
   267 | D        | Found a shadowy altar of Dithmenos.
   267 | D        | Noticed a yak
   268 | D        | Found an opulent altar of Gozag.
   269 | D        | Killed a yak
   270 | D        | Reached skill level 5 in Short Blades
   270 | D        | Reached skill level 18 in Stealth
   270 | D        | Found a sparkling altar of Nemelex Xobeh.
   275 | D        | Became a worshipper of Trog the Wrathful
   300 | D        | Noticed Sonja
   304 | D        | Killed Sonja
   305 | D        | Reached skill level 21 in Stealth
   305 | D        | Reached XP level 7. HP: 55/55 MP: 7/7
   305 | D        | Reached XP level 8. HP: 61/61 MP: 8/8
   317 | D        | Noticed a deep troll
   321 | D        | Killed a deep troll
   321 | D        | Reached * piety under Trog
   322 | D        | Reached skill level 5 in Fighting
   322 | D        | Reached skill level 22 in Stealth
   351 | D        | Found Alavaast's Armour Emporium.
   384 | D        | Found Piexkac's General Store.
   392 | D        | Bought a scroll of blinking for 97 gold pieces
   397 | D        | Noticed a shining eye
   397 | D        | Noticed a shining eye
   397 | D        | Noticed a shining eye
   397 | D        | Noticed a shining eye
   397 | D        | Noticed a shining eye
   397 | D        | Noticed a shining eye
   399 | D        | Noticed a shining eye
   399 | D        | Noticed a shining eye
   403 | D        | Paralysed by a floating eye for 2 turns
   408 | D        | Reached skill level 23 in Stealth
   413 | D        | Paralysed by a floating eye for 2 turns
   416 | D        | Paralysed by a floating eye for 3 turns
   422 | D        | Reached skill level 5 in Throwing
   422 | D        | Paralysed by a floating eye for 2 turns
   426 | D        | Reached ** piety under Trog
   429 | D        | Paralysed by a floating eye for 4 turns
   436 | D        | Gained mutation: You are dopey. (Int -2) [a shining eye]
   439 | D        | Gained mutation: You tend to lose your temper in combat. [a
                  | shining eye]
   442 | D        | Gained mutation: You often lose your temper in combat. [a
                  | shining eye]
   442 | D        | Paralysed by a floating eye for 2 turns
   451 | D        | Paralysed by a floating eye for 3 turns
   461 | D        | Gained mutation: You sometimes lose the ability to read
                  | scrolls when taking damage. [a shining eye]
   464 | D        | Killed a shining eye
   465 | D        | Reached skill level 24 in Stealth
   465 | D        | Reached XP level 9. HP: 69/69 MP: 9/9
   473 | D        | Killed a shining eye
   474 | D        | Paralysed by a floating eye for 3 turns
   476 | D        | Gained mutation: You evolve. [a shining eye]
   477 | D        | Gained mutation: Armour fits poorly on your strangely
                  | shaped body. [a shining eye]
   480 | D        | Gained mutation: Your magical capacity is low. (-10% MP) [a
                  | shining eye]
   480 | D        | Gained mutation: You occasionally shout uncontrollably at
                  | your foes. [a shining eye]
   481 | D        | Paralysed by a floating eye for 3 turns
   483 | D        | Gained mutation: Your magical capacity is very low. (-20%
                  | MP) [a shining eye]
   483 | D        | Lost mutation: Your magical capacity is very low. (-20% MP)
                  | [a shining eye]
   486 | D        | Reached skill level 25 in Stealth
   486 | D        | Gained mutation: You are weak. (Str -2) [a shining eye]
   490 | D        | Gained mutation: You are frail. (-10% HP) [a shining eye]
   490 | D        | Gained mutation: You have an uncontrollable temper. [a
                  | shining eye]
   491 | D        | Gained mutation: Your magical capacity is very low. (-20%
                  | MP) [a shining eye]
   493 | D        | Gained mutation: Your spells are a little easier to cast,
                  | but a little less powerful. [a shining eye]
   499 | D        | Gained mutation: You are very weak. (Str -4) [a shining
                  | eye]
   503 | D        | Gained mutation: Your body sometimes deteriorates upon
                  | taking damage. [a shining eye]
   507 | D        | Gained mutation: Your spells are easier to cast, but less
                  | powerful. [a shining eye]
   508 | D        | Gained mutation: You are very frail. (-20% HP) [a shining
                  | eye]
   520 | D        | Gained mutation: You are very dopey. (Int -4) [a shining
                  | eye]
   533 | D        | Gained mutation: Your body often deteriorates upon taking
                  | damage. [a shining eye]
   536 | D        | Killed a shining eye
   536 | D        | Reached *** piety under Trog
   536 | D        | Gained mutation: Your spells are much easier to cast, but
                  | much less powerful. [a shining eye]
   540 | D        | Killed a shining eye
   542 | D        | Gained mutation: You are extremely frail. (-30% HP) [a
                  | shining eye]
   547 | D        | Killed a shining eye
   548 | D        | Reached skill level 26 in Stealth
   554 | D        | Gained mutation: You frequently scream uncontrollably at
                  | your foes. [a shining eye]
   558 | D        | Killed a shining eye
   558 | D        | Reached **** piety under Trog
   559 | D        | Reached XP level 10. HP: 55/55 MP: 8/8
   562 | D        | Gained mutation: You are clumsy. (Dex -2) [a shining eye]
   563 | D        | Gained mutation: You are very clumsy. (Dex -4) [a shining
                  | eye]
   564 | D        | Lost mutation: Armour fits poorly on your strangely shaped
                  | body. [a shining eye]
   565 | D        | Gained mutation: Your magical capacity is extremely low.
                  | (-30% MP) [a shining eye]
   565 | D        | Gained mutation: Armour fits poorly on your strangely
                  | shaped body. [a shining eye]
   586 | D        | Gained mutation: Potions are less effective at restoring
                  | your health. [a shining eye]
   588 | D        | Lost mutation: You are extremely frail. (-30% HP) [a
                  | shining eye]
   590 | D        | Gained mutation: Potions cannot restore your health. [a
                  | shining eye]
   592 | D        | Gained mutation: You are extremely frail. (-30% HP) [a
                  | shining eye]
   627 | D        | Killed a shining eye
   628 | D        | Reached skill level 10 in Short Blades
   654 | D        | Killed a shining eye
   660 | D        | Found Anua's Jewellery Shop.
   660 | D        | Found Atoixy's General Store.
   660 | D        | Found Qedey's Antique Weapon Boutique.
   660 | D        | Found Duagioso's Assorted Antiques.
   675 | D        | Bought a scroll of blinking for 127 gold pieces
   764 | D        | Lost mutation: You are very clumsy. (Dex -4) [evolution]
   769 | D        | Noticed a centaur warrior
   769 | D        | Noticed a centaur warrior
   772 | D        | Killed a centaur warrior
   773 | D        | Reached skill level 27 in Stealth
   774 | D        | Killed a centaur warrior
   774 | D        | Reached ***** piety under Trog
   825 | D        | Found a burning altar of Makhleb.
   825 | D        | Found a viscous altar of Jiyva.
   825 | D        | Found a shimmering altar of Xom.
   825 | D        | Found a corrupted altar of Lugonu.
   843 | D        | Received a gift from Trog
   887 | D        | Noticed an oklob plant
   889 | D        | Killed an oklob plant
   890 | D        | Reached XP level 11. HP: 62/62 MP: 7/7
  1152 | D        | Received a gift from Trog
  1174 | D        | HP: 3/62 [acid (12)]
  1175 | D        | HP: 1/62 [acid (2)]
  1181 | D        | HP: 2/62 [jelly (3)]
  1181 | D        | Splashed by a jelly's acid

Illustrated notes

Levels and vault maps discovered:
D:        dungeon_sprint_1 [red_sonja_temple_1, red_sonja_temple_small_1]

Skill      XL: |  1  2  3  4  5  6  7  8  9 10 |
---------------+-------------------------------+-----
Fighting       | 2 3 4 5 7 9 |  9.2
Throwing       | 2 3 4 5 |  5.5
Stealth        | 9 12 16 21 24 26 27 | 27.0
Short Blades   | 3 4 5 7 9 14 | 14.6
Dodging        | 2 |  2.2

Action                   |  1- 3 |  4- 6 |  7- 9 | 10-12 || total
-------------------------+-------+-------+-------+-------++-------
Melee: Dagger            |    10 |     4 |   127 |   126 ||   267
       Bite              |       |       |    23 |    18 ||    41
Invok: Berserk           |       |       |     1 |     1 ||     2
  Use: Potion            |     1 |       |       |     1 ||     2
 Stab: Sleeping          |     1 |     4 |     1 |    10 ||    16
Dodge: Dodged            |     3 |       |       |    12 ||    15
Block: Buckler           |       |       |       |     1 ||     1
